Map: Frozen Temple

Players

TheCoon

  • Race: Protoss Protoss
  • League: Master

Miszu - Winner!

  • Race: Terran Terran
  • League: Master

VOD

Have the link to the VOD?

Description

Time

  • Played on: April 1, 2016, 5:52 p.m.
  • Length: 5:08
Show
View Real Time Build Order
Export as new Build Order

TheCoon Protoss 

Build Orders: Oracle Opening, Phoenix Opening 

Get SALT Encoding   

  12  0:01  Probe (Chrono Boost)  
  13  0:12  Probe (Chrono Boost)  
  14  0:23  Pylon  
  14  0:24  Probe (Chrono Boost)  
  15  0:41  Probe (Chrono Boost)  
  16  0:46  Gateway  
  16  0:51  Probe (Chrono Boost)  
  16  0:53  Assimilator  
  17  1:02  Probe (Chrono Boost)  
  18  1:06  Assimilator  
  18  1:12  Probe (Chrono Boost)  
  19  1:23  Probe (Chrono Boost)  
  20  1:34  Cybernetics Core, Probe (Chrono Boost)  
  21  1:44  Probe (Chrono Boost)  
  22  1:55  Probe (Chrono Boost)  
  22  1:56  Nexus  
  23  2:09  Pylon  
  23  2:11  Warp Gate (Chrono Boost)  
  22  2:17  Probe  
  23  2:27  Stargate, Stalker  
  25  2:32  Probe  
  26  2:42  Pylon  
  26  2:44  Probe  
  26  2:51  Forge  
  27  2:56  Probe  
  28  3:08  Mothership Core  
  28  3:11  Phoenix (Chrono Boost)  
  32  3:15  Probe  
  33  3:20  Pylon  
  33  3:27  Probe x2  
  34  3:33  Gateway  
  35  3:39  Probe  
  36  3:42  Oracle (Chrono Boost)  
  36  3:43  Probe  
  40  3:56  Probe  
  40  3:58  Probe  
  42  4:08  Stalker, Probe  
  45  4:16  Pylon  
  43  4:29  Probe  
  37  4:38  Pylon  
  37  4:48  Stalker x2  
  37  4:51  Twilight Council  
  32  5:03  Gateway  
  32  5:05  Gateway  
Show
View Real Time Build Order
Export as new Build Order

Miszu Terran - Winner!

Build Orders: 1/1/1, Liberator Opening 

Get SALT Encoding   

  12  0:01  SCV  
  13  0:13  SCV  
  14  0:18  Supply Depot  
  14  0:25  SCV  
  15  0:38  Refinery  
  15  0:39  SCV  
  16  0:50  Barracks  
  16  0:53  Refinery  
  16  0:54  SCV  
  17  1:06  SCV  
  18  1:18  SCV  
  19  1:30  SCV  
  20  1:38  Factory  
  20  1:39  Marine  
  21  1:42  Orbital Command  
  21  2:02  Barracks Reactor  
  21  2:05  Supply Depot  
  22  2:08  SCV  
  22  2:20  SCV  
  23  2:23  Factory Tech Lab  
  23  2:24  Starport  
  23  2:33  SCV  
  24  2:38  Marine x2  
  24  2:41  Supply Depot  
  29  2:44  Siege Tank  
  29  2:56  Marine x2  
  31  3:10  Supply Depot  
  31  3:14  Marine x2  
  33  3:20  Siege Tank  
  36  3:28  Medivac  
  36  3:30  SCV  
  36  3:31  Marine  
  36  3:32  Marine  
  41  3:36  Supply Depot  
  41  3:40  Liberator  
  41  3:43  SCV  
  42  3:55  Marine x2  
  47  4:06  SCV  
  47  4:09  Bunker  
  48  4:10  Siege Tank  
  48  4:13  Marine  
  48  4:14  Supply Depot  
  47  4:34  Marine x2  
  47  4:37  SCV  
  53  4:49  SCV  
Tags
 
Add a new tag
Caveats
  • Supply blocks, unpowered buildings, or Contaminate may cause inaccurate times.
  • Supply counts are checked every 10 seconds.